 Dungeon Crawl Stone Soup version 0.29-a0-393-g47a863cc1b (webtiles) character file.

Game seed: 4866303651967482484

78 Foxy the Skirmisher (level 4, -12/37 HPs)
             Began as a Palentonga Fighter on May 10, 2022.
             Killed by divine providence
             ... invoked by an orc priest
              (13 damage)
             ... on level 3 of the Dungeon.
             The game lasted 00:02:17 (1932 turns).

Foxy the Skirmisher (Palentonga Fighter)            Turns: 1932, Time: 00:02:18

Health: -12/37     AC: 10    Str: 20    XL:     4   Next: 15%
Magic:  4/4        EV:  8    Int:  8    God:
Gold:   149        SH:  4    Dex: 11    Spells: 3/3 levels left

rFire   . . .      SeeInvis +   a - +0 long sword
rCold   + . .      Faith    .   c - +0 buckler
rNeg    . . .      Spirit   .   e - +2 ring mail {rC+}
rPois   .          Reflect  .   (no helmet)
rElec   .          Harm     .   (no cloak)
rCorr   .          Rampage  .   l - +1 pair of gloves
Will    .....                   (no barding)
Stlth   +.........              (no amulet)
HPRegen 0.12/turn               (no ring)
MPRegen 0.09/turn               (no ring)

@: flying
A: large, rugged brown scales 3, see invisible, deformed body, roll 1, armoured
tail
a: Rolling Charge


You were on level 3 of the Dungeon.
You visited 1 branch of the dungeon, and saw 3 of its levels.

You collected 149 gold pieces.

Inventory:

Hand Weapons
 a - a +0 long sword (weapon)
Missiles
 m - 4 poisoned darts (quivered)
Armour
 c - a +0 buckler (worn)
 e - a +2 ring mail of cold resistance (worn)
 l - a +1 pair of gloves (worn)
Scrolls
 f - 4 scrolls of identify {unknown}
 h - a scroll of poison {unknown}
 i - 4 scrolls of teleportation {unknown}
 j - 2 scrolls of immolation {unknown}
 k - a scroll of fear {unknown}
Potions
 b - a potion of magic {unknown}
 d - a potion of might
 g - a potion of brilliance {unknown}
 n - a potion of flight
 o - a potion of lignification {unknown}


   Skills:
 + Level 3.5 Fighting
 * Level 3.4 Long Blades
 - Level 2.4 Armour
 + Level 2.9 Shields


You had 3 spell levels left.
You didn't know any spells.
Your spell library was empty.

Dungeon Overview and Level Annotations

Branches:
Dungeon (3/15)

Altars:


Innate Abilities, Weirdness & Mutations

You are completely covered in rugged brown scales. (AC +3, +7% HP)
You have supernaturally acute eyesight. (SInv)
Armour fits poorly on your strangely shaped body.
You can roll at nearby foes to attack.
You have a long armoured tail.


Message History

Roll where?
Press: ? - help, Dir - move target, f - orc priest
Aim: an orc priest, wielding a +0 trident You roll forward with a clatter of scales!
You closely miss the orc priest.
Your tail-slap misses the orc priest.
The orc priest hits you with a +0 trident.
The orc hits you with a +0 club.
You hit the orc priest but do no damage.
The orc priest hits you with a +0 trident.
* * * LOW HITPOINT WARNING * * *
The orc hits you but does no damage. You block the orc's attack.
The orc priest barely misses you.
You slash the orc priest!
The orc priest is severely wounded.
The orc hits you with a +0 club.
* * * LOW HITPOINT WARNING * * *
The orc priest barely misses you.
You hit the orc priest but do no damage.
Your tail-slap misses the orc priest.
The orc priest is severely wounded.
The orc priest hits you but does no damage.
The orc hits you but does no damage.
You hit the orc priest but do no damage.
You tail-slap the orc priest, but do no damage.
The orc priest is severely wounded.
The orc priest hits you but does no damage.
You block the orc's attack.
You closely miss the orc priest. You tail-slap the orc priest.
The orc priest is almost dead.
The orc priest miscasts a cantrip.
The orc hits you but does no damage. The orc closely misses you.
The orc priest mumbles some strange prayers to Beogh against you.
Pain shoots through your body!
* * * LOW HITPOINT WARNING * * *
It was a potion of flight.
You feel very buoyant.
You fly up into the air.
The orc hits you but does no damage.
The orc priest invokes the aid of Beogh against you.
Beogh smites you!
You die...

#########
##8.....8##
#.........##
...........##
#o@o...##
###.....##
##.....##
##....8#
##....#
#....# ##...#
#....# .#
##....#


You could see an orc priest and an orc.

Vanquished Creatures
  Jessica (D:2)
  2 dart slugs
  3 orcs (D:3)
  6 ball pythons
  An endoplasm (D:2)
  4 giant cockroaches
  A goblin (D:2)
  4 hobgoblins
  3 quokkas
  4 bats
  2 frilled lizards (D:1)
  5 kobolds
  7 rats
43 creatures vanquished.

Vanquished Creatures (others)
  A plant (D:1)
1 creature vanquished.

Grand Total: 44 creatures vanquished

Notes
Turn   | Place    | Note
-------+----------+-------------------------------------------
     0 | D:1      | Foxy the Palentonga Fighter began the quest for the Orb.
     0 | D:1      | Reached XP level 1. HP: 19/19 MP: 1/1
   252 | D:1      | Reached XP level 2. HP: 25/25 MP: 2/2
   551 | D:1      | Found a faded altar of an unknown god.
  1098 | D:2      | Reached XP level 3. HP: 31/31 MP: 3/3
  1696 | D:2      | Noticed Jessica
  1700 | D:2      | Killed Jessica
  1701 | D:2      | Reached XP level 4. HP: 37/37 MP: 4/4
  1931 | D:3      | HP: 1/37 [orc priest/nerve-wracking pain (3)]
  1932 | D:3      | Killed from afar by an orc priest

Illustrated notes

Levels and vault maps discovered:
D:1:      dpeg_arrival_three_same_balls, layout_rooms,
          shapermc_ecumenical_altar_ellora
D:2:      layout_loops_corners, uniq_jessica
D:3:      corexii_shack_village, layout_basic, kennysheep_donut,
          minmay_door_square, grunt_ministairs_2

Skill      XL: |  1  2  3 |
---------------+----------+-----
Long Blades    | 3 |  3.4
Fighting       | |  3.5
Armour         | |  2.4
Shields        | |  2.9

Action                   |  1- 3 |  4- 6 || total
-------------------------+-------+-------++-------
Melee: Long sword        |   112 |    25 ||   137
       Tailslap          |    13 |     4 ||    17
 Abil: Rolling Charge    |     2 |     1 ||     3
  Use: Potion            |       |     1 ||     1
Armor: Ring mail         |    60 |    18 ||    78
       Scale mail        |     3 |       ||     3
Dodge: Dodged            |    43 |    11 ||    54
Block: Buckler           |    34 |     9 ||    43

Table legend: (Time is in decaauts)
 A = Elapsed time spent in this place.
 B = Non-inter-level travel time spent in this place.
 C = Inter-level travel time spent in this place.
 D = Time resting spent in this place.
 E = Time spent auto-exploring this place.
 F = Levels seen in this place.
 G = Mean time per level.
                   A        B        C        D        E       F      G
               +--------+--------+--------+--------+--------+-----+--------+
         Total |   1970 |   1919 |     51 |      0 |   1569 |   3 |  656.7 |
       Dungeon |   1970 |   1919 |     51 |      0 |   1569 |   3 |  656.7 |
               +--------+--------+--------+--------+--------+-----+--------+

Top non-repeatable levels by time:
     D:1: 947 daAuts
     D:2: 941 daAuts
     D:3: 81 daAuts
